 Dungeon Crawl Stone Soup version 0.32-a0-136-gc02482bde3 (webtiles) character file.

Game seed: 10113857501725717555

3101 BubbleThief the Covert (level 10, -12/53 HPs)
             Began as a Kobold Brigand on Feb 11, 2024.
             Was a High Priest of Uskayaw.
             Mangled by an orc warrior
             ... wielding a +0 glaive
              (14 damage)
             ... on level 8 of the Dungeon.
             The game lasted 00:13:05 (7792 turns).

BubbleThief the Covert (Kobold Brigand)             Turns: 7792, Time: 00:13:07

Health: -12/53     AC:  6    Str:  9    XL:     10   Next: 13%
Magic:  16/16      EV: 14    Int: 13    God:    Uskayaw [*****.]
Gold:   386        SH:  0    Dex: 20    Spells: 9/9 levels left

rFire   . . .        p - +1 short sword (drain)
rCold   + + .        (no shield)
rNeg    . . .        b - +0 robe
rPois   .            z - +0 helmet
rElec   .            c - +0 cloak
rCorr   .            J - +0 pair of gloves
SInv    .            t - +0 pair of boots
Will    .....        (no amulet)
Stlth   ++++++       n - ring of protection from cold
HPRegen 0.28/turn    j - ring of protection from cold
MPRegen 0.15/turn

%: no passive effects
@: no status effects
A: small, no large weapons, nightstalker 3
a: Renounce Religion, Stomp, Line Pass, Grand Finale


You were on level 8 of the Dungeon.
You worshipped Uskayaw.
Uskayaw was aware of your devotion.
You visited 2 branches of the dungeon, and saw 9 of its levels.
You also visited: Sewer.

You collected 514 gold pieces.
You spent 128 gold pieces at shops.

Inventory:

Hand Weapons
 a - a +2 dagger
 p - a +1 short sword of draining (weapon)
 A - a +2 short sword of holy wrath
Missiles
 d - 28 poisoned darts
 e - 2 curare-tipped darts (quivered)
Armour
 b - a +0 robe (worn)
 c - a +0 cloak (worn)
 t - a +0 pair of boots (worn)
 z - a +0 helmet (worn)
 J - a +0 pair of gloves (worn)
 N - a +0 buckler
Jewellery
 j - a ring of protection from cold (right hand)
 n - a ring of protection from cold (left hand)
 M - a ring of resist corrosion
 P - a ring of flight
Wands
 C - a wand of charming (23)
 D - a wand of digging (7)
 H - a wand of mindburst (10)
 O - a wand of iceblast (9)
Scrolls
 f - 2 scrolls of immolation {unknown}
 g - 4 scrolls of blinking {unknown}
 h - a scroll of acquirement {unknown}
 i - a scroll of poison {unknown}
 l - 7 scrolls of identify {unknown}
 q - 3 scrolls of teleportation {unknown}
 u - 2 scrolls of enchant weapon {unknown}
 v - a scroll of silence {unknown}
 w - a scroll of amnesia {unknown}
 x - 2 scrolls of revelation {unknown}
 y - 2 scrolls of fear {unknown}
 E - a scroll of fog {unknown}
 F - a scroll of noise {unknown}
 K - a scroll of vulnerability {unknown}
 Q - a scroll of enchant armour {unknown}
 R - a scroll of summoning {unknown}
Potions
 m - a potion of attraction {unknown}
 o - 6 potions of curing
 r - 5 potions of brilliance {unknown}
 s - 2 potions of enlightenment
 B - a potion of heal wounds {unknown}
 G - 2 potions of lignification {unknown}
 I - 2 potions of cancellation
 L - a potion of invisibility {unknown}


   Skills:
 - Level 2.1 Fighting
 + Level 10.6 Short Blades
 - Level 2.1 Throwing
 - Level 1.2 Dodging
 + Level 12.3 Stealth
 * Level 8.2 Invocations


You had 9 spell levels left.
You didn't know any spells.
Your spell library contained the following spells:

 Spells                   Type           Power      Damage    Failure   Level
 Foxfire                  Conj/Fire      0%         2x1d4     30%         1
 Fugue of the Fallen      Necr           0%         N/A       67%         3
 Ozocubu's Armour         Ice            0%         N/A       67%         3
 Summon Ice Beast         Ice/Summ       0%         N/A       67%         3
 Manifold Assault         Tloc           0%         N/A       97%         4
 Summon Mana Viper        Hex/Summ       0%         N/A       100%        5
 Plasma Beam              Fire/Air       0%         2x1d10    100%        6
 Starburst                Conj/Fire      0%         6d3       100%        6
 Monstrous Menagerie      Summ           0%         N/A       100%        7


Dungeon Overview and Level Annotations

Branches:
Dungeon (8/15)             Temple (1/1) D:5            Lair (0/5) D:8
  Sewer (visited)

Altars:
Ashenzari
Cheibriados
Dithmenos
Elyvilon
Fedhas
Gozag
Hepliaklqana
Kikubaaqudgha
Makhleb
Nemelex Xobeh
Okawaru
Qazlal
Ru
Sif Muna
Trog
Uskayaw
Vehumet
Wu Jian
Xom
Yredelemnul
Zin
The Shining One

Shops:
D:7 *


Innate Abilities, Weirdness & Mutations

You are small and have problems with some larger weapons.
You are completely attuned to the shadows.


Message History

Press: ? - help, Q - select action, (/) - cycle Shift-Dir - straight line, f/p - orc warrior
Aim: an orc warrior, wielding a +0 glaive and wearing a +0 chain mail (58% to hit, chance to blind on hit: 85%)
You throw an atropa-tipped dart.
The atropa-tipped dart hits the orc warrior.
The orc warrior resists.
Throw: 2 darts (atropa)
Press: ? - help, Q - select action, (/) - cycle Shift-Dir - straight line, f/p - orc warrior
Aim: an orc warrior, wielding a +0 glaive and wearing a +0 chain mail (58% to hit, chance to blind on hit: 85%)
You throw an atropa-tipped dart.
The atropa-tipped dart completely misses the orc warrior.
The orc warrior curses repeatedly.
The orc warrior barely misses you.
Throw: dart (atropa)
Press: ? - help, Q - select action, (/) - cycle Shift-Dir - straight line, f/p - orc warrior
Aim: an orc warrior, wielding a +0 glaive and wearing a +0 chain mail (58% to hit, chance to blind on hit: 86%)
You throw an atropa-tipped dart.
The atropa-tipped dart closely misses the orc warrior.
The orc warrior hits you from afar with a +0 glaive.
* * * LOW HITPOINT WARNING * * *
Unknown command.
Unknown command.
Unknown command.
Throw: 4 darts (curare)
Press: ? - help, Q - select action, (/) - cycle Shift-Dir - straight line, f/p - orc warrior
Aim: an orc warrior, wielding a +0 glaive and wearing a +0 chain mail (58% to hit)
You throw a curare-tipped dart.
The curare-tipped dart closely misses the orc warrior.
The orc warrior hits you from afar with a +0 glaive.
* * * LOW HITPOINT WARNING * * *
Throw: 3 darts (curare)
Press: ? - help, Q - select action, (/) - cycle Shift-Dir - straight line, f/p - orc warrior
Aim: an orc warrior, wielding a +0 glaive and wearing a +0 chain mail (58% to hit)
You throw a curare-tipped dart.
The curare-tipped dart hits the orc warrior.
The orc warrior is poisoned.
The orc warrior struggles to breathe.
The orc warrior seems to slow down.
The orc warrior is moderately wounded.
The orc warrior hits you from afar with a +0 glaive!
You die...
Your body falls in perfect tune with the rhythm.

#......#
#......#
####......#
#.........##.
#.##.........
#.#####..###.
...).........
#.##......
.##@##....##
...)).).)...
#..o).......
?....#.#....
#.(..#.#.#..
....#.# #


You could see an orc warrior (very poisoned, slow).

Vanquished Creatures
  A two-headed ogre (D:8)
  Sigmund (D:4)
  A steam dragon (D:6)
  Edmund (D:4)
  2 water moccasins
  A black bear (D:6)
  An orc warrior (D:6)
  An ogre (D:5)
  2 centaurs (D:8)
  3 phantoms
  A kobold brigand (D:7)
  A bullfrog (D:7)
  3 wights (D:8)
  2 killer bees (D:7)
  3 electric eels (D:8)
  2 bombardier beetles (D:5)
  4 hounds
  A jelly (D:7)
  3 orc priests
  4 iguanas
  A sleepcap (D:5)
  2 orc wizards (D:8)
  A river rat (Sewer)
  8 adders
  A shadow imp (D:8)
  2 white imps (D:7)
  7 dart slugs
  A ribbon worm (Sewer)
  24 orcs
  14 ball pythons
  8 bats
  5 endoplasms
  7 giant cockroaches
  3 goblins
  8 hobgoblins
  4 jackals (D:1)
  17 kobolds
  9 quokkas
  7 frilled lizards
  5 rats
172 creatures vanquished.

Notes
Turn   | Place    | Note
-------+----------+-------------------------------------------
     0 | D:1      | BubbleThief the Kobold Brigand began the quest for the Orb.
     0 | D:1      | Reached XP level 1. HP: 12/12 MP: 1/1
   209 | D:1      | Found a faded altar of an unknown god.
   379 | D:1      | Reached XP level 2. HP: 17/17 MP: 2/2
  1247 | D:2      | Found a snail-covered altar of Cheibriados.
  1332 | D:2      | Reached XP level 3. HP: 21/21 MP: 3/3
  1338 | D:2      | Reached skill level 6 in Stealth
  1838 | D:2      | Reached XP level 4. HP: 26/26 MP: 4/4
  2048 | D:3      | Found a sacrificial altar of Ru.
  2359 | D:3      | Found a glowing drain.
  2361 | D:3      | Reached XP level 5. HP: 28/30 MP: 5/5
  2372 | D:3      | Reached skill level 7 in Stealth
  2378 | Sewer    | Entered a sewer
  2498 | Sewer    | Reached skill level 5 in Short Blades
  3555 | D:4      | Found a shimmering altar of Xom.
  3570 | D:4      | Noticed Edmund
  3703 | D:4      | Reached XP level 6. HP: 12/35 MP: 6/6
  3922 | D:4      | Noticed Sigmund
  3926 | D:4      | Killed Sigmund
  3927 | D:4      | Reached skill level 8 in Stealth
  3973 | D:4      | Reached XP level 7. HP: 40/40 MP: 7/7
  4100 | D:4      | Killed Edmund
  4101 | D:4      | Reached skill level 9 in Stealth
  4594 | D:5      | Entered Level 5 of the Dungeon
  4799 | D:5      | Reached XP level 8. HP: 44/44 MP: 8/8
  4829 | D:5      | Found a staircase to the Ecumenical Temple.
  4883 | Temple   | Entered the Ecumenical Temple
  4955 | Temple   | Became a worshipper of Uskayaw the Reveller
  5189 | D:5      | Reached * piety under Uskayaw
  5194 | D:5      | Reached ** piety under Uskayaw
  5217 | D:5      | Reached skill level 10 in Stealth
  5217 | D:5      | Reached skill level 1 in Invocations
  5631 | D:6      | Found a stormy altar of Qazlal.
  5886 | D:6      | Reached *** piety under Uskayaw
  6201 | D:6      | Reached XP level 9. HP: 15/48 MP: 12/12
  6202 | D:6      | Reached skill level 5 in Invocations
  6521 | D:7      | Reached skill level 11 in Stealth
  6538 | D:7      | Reached **** piety under Uskayaw
  6560 | D:7      | Reached ***** piety under Uskayaw
  6707 | D:7      | Identified the +6 chain mail of the Lusting Gods {rCorr
                  | SInv}
  6717 | D:7      | Found Benuurr's General Store.
  6731 | D:7      | Bought a potion of cancellation for 128 gold pieces
  6752 | D:7      | Found a hazy altar of Hepliaklqana.
  6752 | D:7      | Found a snail-covered altar of Cheibriados.
  7473 | D:8      | Found a staircase to the Lair.
  7475 | D:8      | Reached skill level 10 in Short Blades
  7745 | D:8      | Noticed a two-headed ogre
  7755 | D:8      | Killed a two-headed ogre
  7756 | D:8      | Reached skill level 12 in Stealth
  7756 | D:8      | Reached XP level 10. HP: 27/53 MP: 14/16
  7791 | D:8      | HP: 1/53 [orc warrior/+0 glaive (5)]
  7792 | D:8      | Mangled by an orc warrior

Illustrated notes

Levels and vault maps discovered:
D:1:      heliophobic_arrival_glass_houses, layout_basic,
          dreamdust_ecumenical_altar_statues, nicolae_the_louvre
D:2:      layout_loops_cross, basic_altar, kennysheep_generic_room_12
D:3:      layout_basic, mainiacjoe_overflow_24_doors, portal_sewer_entry_f,
          lexackson_kobold_supper
D:4:      layout_basic, amcnicky_altar_gilded, interstate_on_off, uniq_sigmund,
          uniq_edmund
D:5:      layout_loops_ring, minmay_temple_entry_statues
D:6:      layout_cave_pools, grunt_qazlal_clouds
D:7:      layout_basic, gammafunk_temple_overflow_wave, serial_shops, shop,
          minivault_22, minmay_circle_x
D:8:      layout_basic, erik_lair_island, chequers_big_river
Temple:   minmay_temple_bridge_d

Skill      XL: |  1  2  3  4  5  6  7  8  9 |
---------------+----------------------------+-----
Short Blades   | 3 4 5 6 8 9 10 | 10.6
Stealth        | 6 7 8 9 10 12 | 12.3
Invocations    | 4 8 |  8.2
Fighting       | |  2.1
Throwing       | |  2.1
Dodging        | |  1.2

Action                     |  1- 3 |  4- 6 |  7- 9 | 10-12 || total
---------------------------+-------+-------+-------+-------++-------
  Melee: Dagger            |    41 |       |       |       ||    41
         Punch             |     3 |     3 |    16 |     3 ||    25
         Short sword       |     4 |   193 |   216 |    24 ||   437
  Throw: Dart              |       |       |     6 |     6 ||    12
 Invoke: Stomp             |       |       |     2 |       ||     2
    Use: Potion            |       |       |     2 |       ||     2
   Stab: Sleeping          |    23 |    20 |    19 |       ||    62
         Distracted        |     1 |     2 |       |       ||     3
         Invisible         |       |       |     5 |       ||     5
         Paralysed         |       |       |     6 |     2 ||     8
 Armour: Robe              |     9 |    88 |    63 |    18 ||   178
  Dodge: Dodged            |    13 |   133 |    94 |    22 ||   262

Table legend: (Time is in decaauts)
 A = Elapsed time spent in this place.
 B = Non-inter-level travel time spent in this place.
 C = Inter-level travel time spent in this place.
 D = Time resting spent in this place.
 E = Time spent auto-exploring this place.
 F = Levels seen in this place.
 G = Mean time per level.
                   A        B        C        D        E       F      G
               +--------+--------+--------+--------+--------+-----+--------+
         Total |   7835 |   7548 |    287 |    328 |   5877 |  10 |  783.5 |
       Dungeon |   6788 |   6643 |    145 |    328 |   5249 |   8 |  848.5 |
        Temple |    144 |      2 |    142 |      0 |      0 |   1 |  144.0 |
         Sewer |    902 |    902 |      0 |      0 |    628 |   1 |  902.0 |
               +--------+--------+--------+--------+--------+-----+--------+

Top non-repeatable levels by time:
     D:1: 1243 daAuts
     D:4: 1050 daAuts
     D:5: 992 daAuts
   Sewer: 902 daAuts
     D:3: 864 daAuts
     D:7: 849 daAuts
     D:6: 701 daAuts
     D:2: 668 daAuts
     D:8: 418 daAuts
  Temple: 144 daAuts
